 Dungeon Crawl Stone Soup version 0.21.0-25-ge575cb9 (webtiles) character file.

706 pstr the Digger (level 7, -1/51 HPs)
             Began as a Naga Earth Elementalist on Jan 26, 2018.
             Was a Believer of Hepliaklqana.
             Slain by Duvessa
             ... wielding a +0 rapier
              (8 damage)
             ... on level 5 of the Dungeon.
             The game lasted 00:12:12 (5203 turns).

pstr the Digger (Naga Earth Elementalist)           Turns: 5203, Time: 00:12:12

Health: -1/51      AC:  8    Str: 12    XL:     7   Next: 67%
Magic:  15/23      EV: 10    Int: 17    God:    Hepliaklqana [**....]
Gold:   146        SH:  0    Dex: 12    Spells: 11/15 levels left

rFire    . . .     SeeInvis +   D - +0 war axe (chop)
rCold    . . .     Gourm    +   (no shield)
rNeg     + . .     Faith    .   G - +3 leather armour of Dechaid {rN+ Str+2}
rPois    +         Spirit   .   (no helmet)
rElec    .         Reflect  .   v - +0 cloak
rCorr    .         Harm     .   l - +0 pair of gloves
MR       .....                  (no barding)
Stlth    ++........             B - amulet of the gourmand
HPRegen  0.17/turn              p - ring of magical power
MPRegen  0.18/turn              (no ring)

@: lethally poisoned (-1 -> -6), very slightly contaminated, very slow
A: large, reduced essence, see invisible, deformed body, poison resistance,
slowness 2, slow metabolism 1, spit poison 1, AC +2
a: Spit Poison, Recall Ancestor, Ancestor Identity, Renounce Religion


You were on level 5 of the Dungeon.
You worshipped Hepliaklqana.
Hepliaklqana was pleased with you.
You were full.

You visited 1 branch of the dungeon, and saw 5 of its levels.

You collected 146 gold pieces.

Inventory:

Hand Weapons
 D - a +0 war axe of chopping (weapon)
Missiles
 b - 102 stones (quivered)
 j - 49 arrows
Armour
 c - a +0 robe
 l - a +0 pair of gloves (worn)
 s - a +0 ring mail
 v - a +0 cloak (worn)
 x - a +0 leather armour
 G - the +3 leather armour of Dechaid (worn) {rN+ Str+2}
   (You found it on level 5 of the Dungeon)

   It affects your strength (+2).
   It protects you from negative energy.
Jewellery
 p - a ring of magical power (left hand)
 B - an amulet of the gourmand (around neck)
Wands
 u - a wand of enslavement (7)
Scrolls
 a - 6 scrolls of amnesia {unknown}
 f - 3 scrolls of identify
 h - 6 scrolls of fear {unknown}
 k - a scroll of remove curse
 n - 2 scrolls of teleportation {unknown}
 o - a scroll of immolation {unknown}
 r - a scroll of noise {unknown}
 t - a scroll of enchant weapon {unknown}
 y - a scroll of fog {unknown}
 z - 2 scrolls of magic mapping {unknown}
 A - a scroll of blinking {unknown}
Potions
 g - 2 potions of degeneration {unknown}
 i - a potion of heal wounds {unknown}
 m - a potion of invisibility {unknown}
 q - a potion of haste
 w - 2 potions of agility {unknown}
 C - 2 potions of ambrosia {unknown}
 E - a potion of curing
 F - a potion of lignification {unknown}
Books
 e - a book of Geomancy

   Spells                             Type                      Level
   a - Sandblast                      Earth                        1
   b - Passwall                       Transmutation/Earth          2
   c - Stone Arrow                    Conjuration/Earth            3
   d - Petrify                        Transmutation/Earth          4
   e - Lee's Rapid Deconstruction     Earth                        5
Comestibles
 d - 12 rations


   Skills:
 + Level 1.0 Fighting
 + Level 2.0 Dodging
 + Level 3.9 Stealth
 + Level 4.9 Spellcasting
 + Level 2.2 Conjurations
   Level 1.0 Transmutations
 + Level 6.0 Earth Magic


You had 11 spell levels left.
You knew the following spells:

 Your Spells              Type           Power        Failure   Level  Hunger
a - Sandblast             Erth           ###...       1%          1    None
b - Stone Arrow           Conj/Erth      ###...       10%         3    ###....


Dungeon Overview and Level Annotations

Branches:
Dungeon (5/15)
 Temple: D:4-7

Altars:
Hepliaklqana

Annotations:
D:5 Dowan, Duvessa


Innate Abilities, Weirdness & Mutations

You cannot wear boots.
Your serpentine skin is tough. (AC +2)
You have supernaturally acute eyesight. (SInv)
Armour fits poorly on your strangely shaped body.
Your system is resistant to poisons. (rPois)
You cover ground very slowly.
You have a slow metabolism.
You can spit poison.
Your life essence is reduced to manifest your ancestor. (-10% HP)


Message History

Casting: Sandblast
Confirm with . or Enter, or press ? or * to list all spells.
Aiming: Sandblast
Press: ? - help, Shift-Dir - straight line, f/p - Duvessa
Aim: Duvessa, wielding a rapier and wearing a scale mail (moderately wounded, fast)
The blast of sand misses Duvessa.
b - 102 stones You feel sick.
The worker ant bites you. Duvessa hits you with a rapier!
* * * LOW HITPOINT WARNING * * *
Dowan barely misses you. The worker ant bites you.
* * * LOW HITPOINT WARNING * * *
Casting: Sandblast
Confirm with . or Enter, or press ? or * to list all spells.
Okay, then.
Unknown command.
As you read the scroll labeled LUFFEN BINYU, it crumbles to dust.
It is a scroll of identify.
k - a scroll of remove curse You feel sick.
Duvessa hits you with a rapier!
You die...

.##..e.... ...e....
#...... ...a. ... #.
#'# #.######.#
##....eR..#
#....@a..##
#.....e..## #########
#.........####...##...
#..........>.....''...
#.........#......##...
#.....))..#......##...
#......).##....<.##...
#........++......##...
#........##..(...##...


You could see the friendly Centenhua the knight, Duvessa, Dowan and a worker
ant.

Vanquished Creatures
  An ice beast (D:5)
  An ogre (D:4)
  A phantom (D:4)
  A hound (D:4)
  An iguana (D:4)
  A worker ant (D:3)
  A killer bee zombie (D:5)
  A hound skeleton (D:5)
  3 gnolls (D:2)
  4 adders
  An ooze (D:3)
  An adder skeleton (D:4)
  4 worms
  3 dart slugs
  4 leopard geckos (D:1)
  3 orcs
  A ball python (D:4)
  6 giant cockroaches
  A goblin (D:3)
  9 hobgoblins
  3 jackals (D:3)
  A quokka (D:5)
  5 bats
  3 frilled lizards (D:1)
  6 kobolds
  7 rats
73 creatures vanquished.

Vanquished Creatures (collateral kills)
  A necrophage (D:5)
  A big kobold (D:4)
  An orc wizard (D:5)
  An adder zombie (D:5)
4 creatures vanquished.

Grand Total: 77 creatures vanquished

Notes
Turn   | Place    | Note
-------+----------+-------------------------------------------
     0 | D:1      | pstr the Naga Earth Elementalist began the quest for the Orb.
     0 | D:1      | Reached XP level 1. HP: 15/15 MP: 3/3
   254 | D:1      | Reached XP level 2. HP: 22/22 MP: 0/5
   683 | D:1      | Reached XP level 3. HP: 18/28 MP: 0/6
   987 | D:1      | Learned a level 3 spell: Stone Arrow
  1205 | D:2      | Reached XP level 4. HP: 36/36 MP: 3/8
  1443 | D:2      | Reached skill level 4 in Earth Magic
  2709 | D:3      | Reached XP level 5. HP: 42/42 MP: 0/9
  3559 | D:3      | Found a faded altar of an unknown god.
  3598 | D:3      | Became a worshipper of Hepliaklqana the Forgotten
  3598 | D:3      | Reached * piety under Hepliaklqana
  3859 | D:3      | Reached skill level 1 in Conjurations
  4029 | D:4      | Noticed a phantom
  4329 | D:4      | Killed a phantom
  4329 | D:4      | Reached skill level 5 in Earth Magic
  4329 | D:4      | Reached XP level 6. HP: 45/45 MP: 6/11
  4636 | D:4      | Reached ** piety under Hepliaklqana
  4637 | D:4      | Remembered your ancestor Centenhua as a knight
  4666 | D:4      | Reached XP level 7. HP: 50/50 MP: 10/13
  4918 | D:5      | Entered Level 5 of the Dungeon
  4964 | D:5      | Got a faintly humming leather armour
  4975 | D:5      | Identified the +3 leather armour of Dechaid {rN+ Str+2} (You found it on level 5 of the Dungeon)
  5014 | D:5      | Reached skill level 1 in Fighting
  5169 | D:5      | Reached skill level 6 in Earth Magic
  5187 | D:5      | Noticed Dowan
  5191 | D:5      | Noticed Duvessa
  5203 | D:5      | Slain by Duvessa

Skill      XL: |  1  2  3  4  5  6  7 |
---------------+----------------------+-----
Earth Magic    | 4 5 6 |  6.0
Spellcasting   | 3 4 |  4.9
Conjurations   | 1 2 |  2.2
Dodging        | 2 |  2.0
Fighting       | 1 |  1.0
Stealth        | |  3.9
Transmutations | |  1.0

Action                   |  1- 3 |  4- 6 |  7- 9 || total
-------------------------+-------+-------+-------++-------
Melee: War axe           |       |       |     1 ||     1
 Cast: Sandblast         |    30 |    33 |    13 ||    76
       Stone Arrow       |     3 |    41 |     9 ||    53
Invok: Ancestor Life: Kn |       |     1 |       ||     1
       Recall Ancestor   |       |       |     1 ||     1
 Abil: Spit Poison       |     6 |    12 |     3 ||    21
  Use: Scroll            |       |       |     1 ||     1
  Eat: Chunk             |     1 |    13 |     4 ||    18
       Ration            |       |       |     1 ||     1
Armor: Robe              |     3 |    13 |       ||    16
       Leather armour    |       |       |     3 ||     3
Dodge: Dodged            |    14 |    20 |    14 ||    48
